 Dungeon Crawl Stone Soup version 0.30-a0-718-geaa24f5 (webtiles) character file.

Game seed: 11204534957621734130

11171 MinotaursOnly the Cleaver (level 11, -6/92 HPs)
             Began as a Minotaur Fighter on Jan 25, 2023.
             Was a High Priest of Okawaru.
             Mangled by a large abomination (22 damage)
             ... on level 1 of the Abyss.
             The game lasted 00:13:25 (8050 turns).

MinotaursOnly the Cleaver (Minotaur Fighter)        Turns: 8050, Time: 00:13:26

Health: -6/92      AC: 24    Str: 25    XL:     11   Next: 45%
Magic:  13/13      EV:  9    Int:  4    God:    Okawaru [*****.]
Gold:   292        SH: 14    Dex: 13    Spells: 10/10 levels left

rFire   + . .      SeeInvis .    g - +6 broad axe
rCold   . . .      Faith    .    C - +3 buckler of Qucranod {Fly}
rNeg    + . .      Spirit   .    s - +3 plate armour {rF+}
rPois   .          Reflect  +    (helmet restricted)
rElec   .          Harm     .    b - +2 cloak
rCorr   .          Rampage  .    h - +2 pair of gloves
Will    .....                    (no boots) Stlth
                                 o - amulet of reflection
HPRegen 0.35/turn                A - ring of positive energy
MPRegen 0.13/turn                (no ring)

@: about to teleport, flying, hasted, very quick
A: horns 2, retaliatory headbutt, agile 1, wild magic 1
a: Renounce Religion, Heroism, Finesse, Duel


You were on level 1 of the Abyss.
You worshipped Okawaru.
Okawaru was extremely pleased with you.
You visited 1 branch of the dungeon, and saw 9 of its levels.
You visited the Abyss 1 time.
You also visited: Sewer and Bailey.

You collected 626 gold pieces.
You spent 334 gold pieces at shops.

Inventory:

Hand Weapons
 a - a +0 war axe
 g - a +6 broad axe (weapon)
 i - the +8 mace of Voytoin {heavy, rF- Str+3 Int+3}
   (You bought it in a shop on level 3 of the Dungeon)

   Str:       It affects your strength (+3).
   Int:       It affects your intelligence (+3).
   rF:        It makes you vulnerable to fire.
 k - a +3 trident of protection
 w - a +3 battleaxe of freezing
 x - a +4 morningstar of freezing
 y - the +9 staff of Wucad Mu {*channel}
   (You acquired it on level 7 of the Dungeon)

   *Channel:  It occasionally powers its wielder's spells, but with a chance of
   causing confusion or draining the wielder's intelligence.
   It becomes more likely to activate and less likely to backfire with increased
   Evocations skill.
Armour
 b - a +2 cloak (worn)
 c - a +0 buckler
 h - a +2 pair of gloves (worn)
 s - a +3 plate armour of fire resistance (worn)
 C - the +3 buckler of Qucranod (worn) {Fly}
   (You acquired it in a bailey)

   Fly:       It grants you flight.
Jewellery
 o - an amulet of reflection (around neck)
 A - a ring of positive energy (left hand)
Wands
 p - a wand of light (11)
 E - a wand of paralysis (10)
 F - a wand of flame (17)
Scrolls
 n - 2 scrolls of identify
 q - 5 scrolls of teleportation
 u - 2 scrolls of fog
 v - 4 scrolls of magic mapping
 B - a scroll of fear
 D - 2 scrolls of blinking
Potions
 d - 2 potions of might
 e - a potion of resistance
 f - 4 potions of attraction
 j - a potion of invisibility
 l - 3 potions of curing
 m - 3 potions of flight
 t - 4 potions of mutation
 z - 2 potions of brilliance


   Skills:
 + Level 7.0 Fighting
 * Level 10.4(11.6) Axes
 + Level 8.0(10.4) Maces & Flails
 + Level 1.9(6.8) Polearms
 * Level 9.3 Armour
 * Level 6.4 Dodging
 + Level 1.1 Stealth
 * Level 9.0 Shields
 * Level 5.0 Invocations
 * Level 4.6 Evocations


You had 10 spell levels left.
You didn't know any spells.
Your spell library was empty.

Dungeon Overview and Level Annotations

Branches:
Dungeon (9/15)             Temple (0/1) D:5           Sewer (visited)
 Bailey (visited)
   Lair: D:8-11         Orc: D:9-12

Altars:
Nemelex Xobeh
Okawaru
Trog
Xom
Yredelemnul
The Shining One

Shops:
D:3 :(=(   D:4 *   D:5 :[

Annotations:
D:6 2 runed translucent doors, Dorkslayer's ghost, novice HOFi
D:9 Erolcha


Innate Abilities, Weirdness & Mutations

You have a pair of horns on your head.
You reflexively headbutt those who attack you in melee.
You are agile. (Dex +4, Str/Int -1)
Your spells are a little harder to cast, but a little more powerful.


Message History

You slice the ophan!!
The ophan is heavily wounded.
You are engulfed in blessed fire.
You slash the ophan! You headbutt the ophan.
The ophan is severely wounded.
You are engulfed in blessed fire.
You slash the ophan! Your headbutt misses the ophan.
The ophan is severely wounded.
You are engulfed in blessed fire.
You slash the ophan! You headbutt the ophan!
The ophan is almost dead.
You are engulfed in blessed fire.
* * * LOW HITPOINT WARNING * * *
The ophan calls forth blessed flames!
A small abomination comes into view.
You hit the ophan.
You kill the ophan!
Okawaru is honoured by your kill.
You are engulfed in blessed fire.
* * * LOW HITPOINT WARNING * * *
A large abomination comes into view.
Your Shields skill increases to level 9!
Your Invocations skill increases to level 5!
You closely miss the small abomination.
Your headbutt misses the small abomination.
You block the small abomination's attack.
You slash the small abomination!
The small abomination is heavily damaged.
You feel better.
The small abomination closely misses you.
You slice the large abomination!!
Your headbutt misses the large abomination.
The large abomination is moderately damaged.
You block the large abomination's attack.
You slash the large abomination!
The large abomination is heavily damaged.
You slash the large abomination! You headbutt the large abomination!
The large abomination is almost destroyed.
The large abomination hits you!!
You die...

# ###.
##.. .#.
..## X§
###x.# §
.#
#.#X## .
#@#.##..
#.##§#.#
#.# #...
#.#
#.##.#
..# ##.
# ... #
##. .


You could see a large abomination and a small abomination.

Vanquished Creatures
  An orc warlord (Bailey)
  An ophan (Abyss:1)
  A two-headed ogre (D:8)
  Amaemon (D:8)
  2 orc knights (Bailey)
  Pikel (D:8)
  3 apocalypse crabs (Abyss:1)
  Joseph (D:7)
  An orange demon (D:8)
  Maggie (D:8)
  A raiju (Abyss:1)
  Grinder (D:4)
  4 yaks (D:8)
  A steam dragon (D:8)
  A large abomination (Abyss:1)
  Menkaure (D:7)
  A water moccasin (D:5)
  Duvessa (D:7)
  3 orc warriors
  3 ice beasts
  A sky beast (D:7)
  3 black bears
  2 small abominations (Abyss:1)
  An ogre (D:5)
  2 phantoms
  2 centaurs
  A lemure (D:8)
  3 kobold brigands
  A bullfrog (D:8)
  A necrophage (D:6)
  3 scorpions
  14 wights
  Dowan (D:7)
  A howler monkey (D:4)
  6 hounds
  3 gnoll boudas
  A jelly (D:6)
  Crazy Yiuf (D:7)
  An orc priest (D:5)
  3 iguanas
  An iron imp (Abyss:1)
  Jessica (D:2)
  4 orc wizards
  Robin (D:2)
  17 gnolls
  10 adders
  2 river rats (Sewer)
  3 shadow imps
  3 white imps
  5 ufetubi
  2 worms
  2 dart slugs
  33 orcs
  6 endoplasms
  24 goblins
  18 hobgoblins
  9 jackals
  3 quokkas
  12 ball pythons
  4 bats
  3 frilled lizards
  24 kobolds
  17 rats
285 creatures vanquished.

Vanquished Creatures (others)
  A wizard (D:6)
  6 demonic plants (D:7)
  4 fungi (D:9)
  A plant (D:9)
12 creatures vanquished.

Grand Total: 297 creatures vanquished

Notes
Turn   | Place    | Note
-------+----------+-------------------------------------------
     0 | D:1      | MinotaursOnly the Minotaur Fighter began the quest for the
                  | Orb.
     0 | D:1      | Reached XP level 1. HP: 19/19 MP: 0/0
   130 | D:1      | Reached XP level 2. HP: 27/27 MP: 1/1
   645 | D:1      | Reached XP level 3. HP: 33/33 MP: 2/2
   873 | D:2      | Gained mutation: You are agile. (Dex +4, Str/Int -1)
                  | [potion of mutation]
   873 | D:2      | Gained mutation: Your spells are a little harder to cast,
                  | but a little more powerful. [potion of mutation]
   903 | D:2      | Reached skill level 3 in Axes
  1000 | D:2      | Reached XP level 4. HP: 32/40 MP: 3/3
  1085 | D:2      | Noticed Robin
  1095 | D:2      | Killed Robin
  1096 | D:2      | Reached skill level 1 in Dodging
  1138 | D:2      | Noticed Jessica
  1142 | D:2      | Killed Jessica
  1356 | D:2      | Reached XP level 5. HP: 47/47 MP: 4/4
  1453 | D:3      | Reached skill level 4 in Axes
  1460 | D:3      | Reached skill level 1 in Polearms
  1483 | D:3      | Found Muczug's Antique Weapon Shoppe.
  1491 | D:3      | Bought a slimy mace for 136 gold pieces
  1491 | D:3      | Identified the +8 mace of Voytoin {heavy, rF- Str+3 Int+3}
                  | (You bought it in a shop on level 3 of the Dungeon)
  1542 | D:3      | Reached skill level 5 in Fighting
  1613 | D:3      | Found Luifa's Book Emporium.
  1795 | D:3      | Found Wimisud's Jewellery Shop.
  2081 | D:3      | Found Yhaug's Weapon Shoppe.
  2280 | D:4      | Reached skill level 1 in Maces & Flails
  2285 | D:4      | Reached XP level 6. HP: 56/56 MP: 5/5
  2285 | D:4      | Found an iron altar of Okawaru.
  2308 | D:4      | Became a worshipper of Warmaster Okawaru
  2367 | D:4      | Noticed Grinder
  2372 | D:4      | Killed Grinder
  2373 | D:4      | Reached skill level 5 in Armour
  2373 | D:4      | Reached XP level 7. HP: 61/61 MP: 6/6
  2626 | D:4      | Reached * piety under Okawaru
  2627 | D:4      | Reached skill level 1 in Invocations
  2627 | D:4      | Reached skill level 1 in Evocations
  2769 | D:4      | Found a glowing drain.
  2778 | Sewer    | Entered a sewer
  2896 | Sewer    | Found a white marble altar of Elyvilon.
  2958 | D:4      | Reached skill level 5 in Shields
  2995 | D:4      | Found Mucvyat's CLEARANCE SALE!.
  2998 | D:4      | Bought a +3 plate armour of fire resistance for 135 gold
                  | pieces
  3080 | D:4      | Reached skill level 5 in Axes
  3262 | D:4      | Reached XP level 8. HP: 69/69 MP: 8/8
  3391 | D:5      | Entered Level 5 of the Dungeon
  3487 | D:5      | Found a staircase to the Ecumenical Temple.
  3505 | D:5      | Reached ** piety under Okawaru
  3506 | D:5      | Reached skill level 5 in Maces & Flails
  3519 | D:5      | Found Jerph's Vocational Training.
  3606 | D:5      | Found a basalt altar of Yredelemnul.
  3642 | D:5      | Found a shimmering altar of Xom.
  3644 | D:5      | Found a sparkling altar of Nemelex Xobeh.
  3719 | D:5      | Found Begyzoeg's Armour Shoppe.
  3722 | D:5      | Bought a +0 cloak for 63 gold pieces
  3789 | D:5      | Reached skill level 1 in Stealth
  4318 | D:6      | Reached XP level 9. HP: 75/75 MP: 9/9
  4331 | D:6      | Found a large runed translucent door.
  4331 | D:6      | Found a large runed translucent door.
  4333 | D:6      | Noticed Dorkslayer's ghost (novice HOFi)
  4502 | D:6      | Reached *** piety under Okawaru
  4503 | D:6      | Reached skill level 6 in Axes
  4687 | D:6      | Found a bloodstained altar of Trog.
  4761 | D:6      | Noticed a wizard
  4764 | D:6      | Killed a wizard
  5091 | D:7      | Noticed Menkaure
  5095 | D:7      | Killed Menkaure
  5280 | D:7      | Identified a scroll of acquirement
  5280 | D:7      | Acquired the +9 staff of Wucad Mu {*channel}
  5280 | D:7      | Found the +9 staff of Wucad Mu {*channel}
  5383 | D:7      | Found a flagged portal.
  5400 | Bailey   | Entered a bailey
  5414 | Bailey   | Noticed an orc warlord
  5466 | Bailey   | Noticed an orc knight
  5488 | Bailey   | Killed an orc knight
  5488 | Bailey   | Reached **** piety under Okawaru
  5537 | Bailey   | Found a runed translucent gate.
  5541 | Bailey   | Found a runed translucent gate.
  5542 | Bailey   | Found a runed translucent gate.
  5683 | Bailey   | Killed an orc warlord
  5684 | Bailey   | Reached skill level 5 in Dodging
  5684 | Bailey   | Reached XP level 10. HP: 83/83 MP: 4/11
  5702 | Bailey   | Noticed an orc knight
  5719 | Bailey   | Killed an orc knight
  5720 | Bailey   | Reached skill level 7 in Axes
  6003 | Bailey   | Acquired the +3 buckler of Qucranod {Fly}
  6214 | D:7      | Found a glowing golden altar of the Shining One.
  6319 | D:7      | Noticed Dowan
  6320 | D:7      | Noticed Duvessa
  6323 | D:7      | Killed Dowan
  6332 | D:7      | Killed Duvessa
  6332 | D:7      | Reached ***** piety under Okawaru
  6428 | D:7      | Noticed Joseph
  6437 | D:7      | Killed Joseph
  6539 | D:7      | Found a runed translucent door.
  6540 | D:7      | Noticed Crazy Yiuf
  6544 | D:7      | Killed Crazy Yiuf
  6731 | D:8      | Noticed Maggie
  6731 | D:8      | Noticed a two-headed ogre
  6749 | D:8      | Killed a two-headed ogre
  6749 | D:8      | Received a gift from Okawaru
  6762 | D:8      | Killed Maggie
  6763 | D:8      | Reached skill level 8 in Axes
  6906 | D:8      | Noticed Pikel
  6917 | D:8      | Killed Pikel
  7330 | D:8      | Reached XP level 11. HP: 89/91 MP: 13/13
  7335 | D:8      | Reached skill level 9 in Axes
  7366 | D:8      | Noticed Amaemon
  7375 | D:8      | Killed Amaemon
  7385 | D:8      | Received a gift from Okawaru
  7788 | D:9      | Noticed Erolcha
  7790 | Abyss:1  | Cast into level 1 of the Abyss (Erolcha)
  7804 | Abyss:1  | Found a corrupted altar of Lugonu.
  7969 | Abyss:1  | Paralysed by you for 4 turns
  8002 | Abyss:1  | Reached skill level 10 in Axes
  8025 | Abyss:1  | Noticed an ophan
  8042 | Abyss:1  | Killed an ophan
  8042 | Abyss:1  | HP: 4/92 [something (11)]
  8043 | Abyss:1  | Reached skill level 5 in Invocations
  8050 | Abyss:1  | Mangled by a large abomination

Illustrated notes

Levels and vault maps discovered:
D:1:      dpeg_arrival_signposts, layout_basic, minmay_misc_feat_plants,
          hex_large, minmay_indecisive_spiral
D:2:      layout_rooms, st_stairs_11, minmay_rat_gold_closets, uniq_robin,
          uniq_jessica
D:3:      corexii_shack_village, layout_basic, serial_shops, shop,
          shop_fountains, nicolae_diamond_shop, nicolae_shop_hallway_plus
D:4:      minmay_chambers_of_fours, layout_basic,
          mainiacjoe_overflow_concentric_impassable, portal_sewer_entry_a,
          nicolae_shop_clearance, uniq_grinder
D:5:      layout_loops_cross, lemuel_tele_altar, minitemple,
          minmay_temple_entry_waves, serial_shops, shop, nicolae_shop_vocational
D:6:      layout_loops_ring, trog_wizard, ebering_ghost_disaster_area
D:7:      layout_loops_ring, tso_oasis_becter, enter_bailey_2, serial_demonic,
          serial_demonic_g, serial_demonic_a, serial_demonic_g,
          serial_demonic_c, uniq_menkaure, uniq_crazy_yiuf_cottage, uniq_joseph,
          uniq_duvessa
D:8:      layout_loops_ring, hellmonk_bongcloud_opening, hex_medium,
          uniq_amaemon, uniq_pikel, uniq_maggie
D:9:      layout_stronghold, due_lair_maze_entry_diamond, serial_bayou_pond_d,
          uniq_erolcha, uniq_psyche, uniq_erica
Abyss:1:  base:
D:8

Skill      XL: |  1  2  3  4  5  6  7  8  9 10 11 |
---------------+----------------------------------+-----
Armour         | 4 5 6 8 9 |  9.3
Shields        | 4 5 7 8 9 |  9.0
Fighting       | 4 5 6 7 |  7.0
Axes           | 3 4 5 6 8 10 | 10.4
Dodging        | 1 2 3 5 6 |  6.4
Polearms       | 1 |  1.9
Maces & Flails | 1 3 4 6 7 8 |  8.0
Invocations    | 1 2 3 4 5 |  5.0
Evocations     | 1 2 3 4 |  4.6
Stealth        | 1 |  1.1

Action                     |  1- 3 |  4- 6 |  7- 9 | 10-12 || total
---------------------------+-------+-------+-------+-------++-------
  Melee: War axe           |    71 |    17 |       |       ||    88
         Headbutt          |    10 |    11 |    31 |    41 ||    93
         Trident           |       |    39 |       |       ||    39
         Mace              |       |    57 |   228 |    12 ||   297
         Broad axe         |       |       |       |   184 ||   184
 Invoke: Heroism           |       |       |     1 |     1 ||     2
         Finesse           |       |       |     1 |       ||     1
  Evoke: Wand              |       |     1 |       |       ||     1
    Use: Scroll            |     2 |     5 |     7 |     5 ||    19
         Potion            |     2 |     5 |     5 |     5 ||    17
   Stab: Invisible         |       |     2 |       |       ||     2
         Petrified         |       |       |       |     3 ||     3
         Paralysed         |       |       |       |     1 ||     1
 Armour: Scale mail        |    25 |       |       |       ||    25
         Chain mail        |     6 |    43 |    24 |       ||    73
         Plate armour      |       |       |   114 |    81 ||   195
  Dodge: Dodged            |    44 |    40 |   107 |    53 ||   244
  Block: Buckler           |    21 |    41 |   145 |   114 ||   321
         Reflection        |       |       |     3 |     7 ||    10

Table legend: (Time is in decaauts)
 A = Elapsed time spent in this place.
 B = Non-inter-level travel time spent in this place.
 C = Inter-level travel time spent in this place.
 D = Time resting spent in this place.
 E = Time spent auto-exploring this place.
 F = Levels seen in this place.
 G = Mean time per level.
                   A        B        C        D        E       F      G
               +--------+--------+--------+--------+--------+-----+--------+
         Total |   8325 |   8083 |    242 |    111 |   6195 |  12 |  693.8 |
       Dungeon |   7141 |   6899 |    242 |    111 |   5384 |   9 |  793.4 |
         Abyss |    266 |    266 |      0 |      0 |    171 |   1 |  266.0 |
         Sewer |    197 |    197 |      0 |      0 |    140 |   1 |  197.0 |
        Bailey |    719 |    719 |      0 |      0 |    499 |   1 |  719.0 |
               +--------+--------+--------+--------+--------+-----+--------+

Top non-repeatable levels by time:
     D:7: 1057 daAuts
     D:8: 1043 daAuts
     D:4: 1006 daAuts
     D:5: 954 daAuts
     D:3: 847 daAuts
     D:1: 847 daAuts
     D:6: 722 daAuts
  Bailey: 719 daAuts
     D:2: 633 daAuts
 Abyss:1: 266 daAuts
   Sewer: 197 daAuts
     D:9: 29 daAuts
